 Dungeon Crawl Stone Soup version 0.30-a0-596-g0af90f9a20 (webtiles) character file.

Game seed: 3310483945603388801

311 porpoise the Insei (level 6, 0/47 HPs)
             Began as a Gnoll Wanderer on Jan 7, 2023.
             Slain by Grinder (5 damage)
             ... on level 3 of the Dungeon.
             The game lasted 00:09:17 (2537 turns).

porpoise the Insei (Gnoll Wanderer)                 Turns: 2537, Time: 00:09:17

Health: 0/47       AC:  6    Str: 18    XL:     6   Next: 42%
Magic:  11/11      EV: 11    Int:  8    God:
Gold:   214        SH:  0    Dex: 16    Spells: 7/12 levels left

rFire   . . .      SeeInvis .    a - +0 dagger (venom)
rCold   . . .      Faith    .    (no shield)
rNeg    . . .      Spirit   .    d - +0 ring mail
rPois   .          Reflect  .    (no helmet)
rElec   .          Harm     .    (no cloak)
rCorr   .          Rampage  .    (no gloves)
Will    .....                    (no boots)
Stlth   +                        (no amulet)
HPRegen 0.27/turn                l - +6 ring of strength
MPRegen 0.12/turn                (no ring)

@: no status effects
A: fangs 1, strong nose, distributed training
a: no special abilities


You were on level 3 of the Dungeon.
You visited 1 branch of the dungeon, and saw 3 of its levels.

You collected 214 gold pieces.

Inventory:

Hand Weapons
 a - a +0 dagger of venom (weapon)
 b - a +0 sling
 p - a +0 short sword of flaming
 w - a +0 short sword
Missiles
 f - 11 poisoned darts (quivered)
 m - 2 throwing nets
Armour
 d - a +0 ring mail (worn)
Jewellery
 l - a +6 ring of strength (left hand)
 q - a ring of ice
Scrolls
 c - 2 scrolls of fear
 e - a scroll of immolation {unknown}
 h - a scroll of enchant weapon {unknown}
 i - 2 scrolls of teleportation {unknown}
 j - a scroll of summoning {unknown}
 n - a scroll of vulnerability {unknown}
 o - 2 scrolls of blinking
Potions
 g - a potion of curing
 k - 2 potions of flight


   Skills:
 + Level 3.3 Fighting
 + Level 6.8 Short Blades
 + Level 2.0 Long Blades
 + Level 2.0 Axes
 + Level 2.0 Maces & Flails
 + Level 2.0 Polearms
 + Level 2.0 Staves
 + Level 2.0 Ranged Weapons
 + Level 2.0 Throwing
 + Level 5.0 Armour
 + Level 2.0 Dodging
 + Level 2.0 Stealth
 + Level 2.0 Shields
 + Level 6.8 Unarmed Combat
 + Level 3.5 Spellcasting
 + Level 1.6 Conjurations
 + Level 1.6 Hexes
 + Level 1.6 Summonings
 + Level 1.6 Necromancy
 + Level 1.6 Translocations
 + Level 1.6 Transmutations
 + Level 1.6 Fire Magic
 + Level 1.6 Ice Magic
 + Level 1.6 Air Magic
 + Level 1.6 Earth Magic
 + Level 1.6 Poison Magic
 + Level 2.2 Invocations
 + Level 2.0 Evocations


You had 7 spell levels left.
You knew the following spells:

 Your Spells              Type           Power      Damage    Failure   Level
a - Apportation           Tloc           8%         N/A       26%         1
r - Cigotuvi's Dreadful   Necr/Pois/Air  8%         N/A       36%         2
w - Wereblood             Tmut           4%         N/A       36%         2

Your spell library contained the following spells:

 Spells                   Type           Power      Damage    Failure   Level
 Necrotise                Necr           16%        1d4       26%         1
 Summon Small Mammal      Summ           16%        N/A       26%         1
 Sublimation of Blood     Necr           4%         N/A       36%         2
 Dispel Undead            Necr           4%         3d7       95%         4
 Death Channel            Necr           2%         N/A       100%        6
 Summon Hydra             Summ           2%         N/A       100%        7


Dungeon Overview and Level Annotations

Branches:
Dungeon (3/15)

Altars:
Gozag
Wu Jian
The Shining One

Shops:
D:1 :   D:3 [

Annotations:
D:3 Grinder


Innate Abilities, Weirdness & Mutations

You have very sharp teeth.
Your uncanny sense of smell can sniff out nearby items.
Your experience applies equally to all skills.


Message History

You hit Grinder.
Grinder looks as sick as possible!
Grinder is heavily wounded.
Grinder closely misses you.
You hit Grinder but do no damage.
Grinder is heavily wounded.
Grinder gestures at you.
You suddenly lose the ability to move!
Grinder gestures at you.
You shrug off the repeated paralysis!
Grinder blinks!
You can move again.
Throw: 13 darts (poison)
Press: ? - help, Q - select action, (/) - cycle Shift-Dir - straight line, f - Grinder
Aim: Grinder, carrying a wand of roots (10) (heavily wounded, extremely poisoned, 58% to hit)
You throw a poisoned dart.
The poisoned dart closely misses Grinder.
Throw: 12 darts (poison)
Press: ? - help, Q - select action, (/) - cycle Shift-Dir - straight line, f/p - Grinder
Aim: Grinder, carrying a wand of roots (10) (heavily wounded, extremely poisoned, 58% to hit)
You throw a poisoned dart. The poisoned dart hits Grinder.
Grinder is heavily wounded.
Grinder zaps a wand.
The roots erupt in riotous growth!
The grasping roots grab you! The grasping roots constrict you!
You escape the roots grasp.
Grinder zaps a wand.
The roots erupt in riotous growth!
The grasping roots grab you! The grasping roots constrict you!
* * * LOW HITPOINT WARNING * * *
You escape the roots grasp.
Grinder hits you.
* * * LOW HITPOINT WARNING * * *
You writhe in agony.
* * * LOW HITPOINT WARNING * * *
You hit Grinder but do no damage. You punch Grinder.
You bite Grinder, but do no damage.
Grinder is severely wounded.
Grinder hits you.
* * * LOW HITPOINT WARNING * * *
You writhe in agony.
You die...

#................
#..........#.[...
#..........#..... #
#..........#..... #.
#..........#.....
#.###)##########>....
#............ #.####
###.......... ##.####
#.@........ #......
#5.........##..####
#.#+####...........
#.#.# #.........##
#.#.# #.........##
#.#.# ####......##
#.#.#### #......##
#.#....# #......##
#....# #......##


You could see Grinder (very poisoned).

Vanquished Creatures
  Sigmund (D:3)
  A centaur (D:3)
  A worm (D:3)
  A dart slug (D:3)
  8 orcs (D:3)
  7 endoplasms
  2 giant cockroaches
  6 goblins
  3 hobgoblins
  A jackal (D:2)
  2 quokkas
  6 ball pythons
  4 bats
  2 frilled lizards
  3 kobolds
  6 rats
54 creatures vanquished.

Notes
Turn   | Place    | Note
-------+----------+-------------------------------------------
     0 | D:1      | porpoise the Gnoll Wanderer began the quest for the Orb.
     0 | D:1      | porpoise set off with the following items: a +0 short
                  | sword, a scroll of blinking, a scroll of fear, a +0 ring
                  | mail, a potion of haste.
     0 | D:1      | Reached XP level 1. HP: 17/17 MP: 4/4
   197 | D:1      | Reached XP level 2. HP: 23/23 MP: 5/5
   422 | D:1      | Found Woemiakynn's Vocational Training.
  1079 | D:2      | Reached XP level 3. HP: 27/28 MP: 7/7
  1509 | D:2      | Found a faded altar of an unknown god.
  1905 | D:3      | Reached skill level 1 in Invocations
  1964 | D:3      | Noticed Sigmund
  1996 | D:3      | Killed Sigmund
  1997 | D:3      | Reached skill level 1 in Long Blades
  1997 | D:3      | Reached skill level 1 in Axes
  1997 | D:3      | Reached skill level 1 in Maces & Flails
  1997 | D:3      | Reached skill level 1 in Polearms
  1997 | D:3      | Reached skill level 1 in Staves
  1997 | D:3      | Reached skill level 1 in Ranged Weapons
  1997 | D:3      | Reached skill level 1 in Throwing
  1997 | D:3      | Reached skill level 1 in Dodging
  1997 | D:3      | Reached skill level 1 in Stealth
  1997 | D:3      | Reached skill level 1 in Shields
  1997 | D:3      | Reached skill level 1 in Conjurations
  1997 | D:3      | Reached skill level 1 in Hexes
  1997 | D:3      | Reached skill level 1 in Summonings
  1997 | D:3      | Reached skill level 1 in Necromancy
  1997 | D:3      | Reached skill level 1 in Translocations
  1997 | D:3      | Reached skill level 1 in Transmutations
  1997 | D:3      | Reached skill level 1 in Fire Magic
  1997 | D:3      | Reached skill level 1 in Ice Magic
  1997 | D:3      | Reached skill level 1 in Air Magic
  1997 | D:3      | Reached skill level 1 in Earth Magic
  1997 | D:3      | Reached skill level 1 in Poison Magic
  1997 | D:3      | Reached skill level 1 in Evocations
  1997 | D:3      | Reached XP level 4. HP: 12/35 MP: 8/8
  1997 | D:3      | Reached XP level 5. HP: 14/41 MP: 9/9
  2107 | D:3      | Noticed a centaur
  2126 | D:3      | Killed a centaur
  2127 | D:3      | Reached skill level 5 in Armour
  2127 | D:3      | Reached XP level 6. HP: 41/47 MP: 9/11
  2159 | D:3      | Found a glowing golden altar of the Shining One.
  2234 | D:3      | Found Ocet's Antique Armour Boutique.
  2335 | D:3      | Found an opulent altar of Gozag.
  2335 | D:3      | Found an ornate altar of the Wu Jian Council.
  2451 | D:3      | Learned a level 2 spell: Wereblood
  2454 | D:3      | Learned a level 2 spell: Cigotuvi's Dreadful Rot
  2456 | D:3      | Learned a level 1 spell: Apportation
  2516 | D:3      | Noticed Grinder
  2530 | D:3      | Paralysed by Grinder for 2 turns
  2537 | D:3      | Slain by Grinder

Illustrated notes

Levels and vault maps discovered:
D:1:      minmay_arrival_semitransparent, layout_loops_ring, serial_forest,
          infiniplex_forest_corner_2, infiniplex_forest_corner_2,
          infiniplex_forest_zigzag_1, infiniplex_forest_straight_2,
          infiniplex_forest_clump_small, infiniplex_forest_clump_curved,
          infiniplex_forest_clump_cross, infiniplex_forest_clump_double,
          corexii_leaking_fountain, hangedman_decor_growths,
          minmay_misc_feat_rugged, fountainhead, minivault_25,
          nicolae_shop_vocational
D:2:      layout_basic, shapermc_ecumenical_altar_mp_highgroup,
          minmay_pentomino_u2
D:3:      layout_basic, nicolae_tso_swordbearing_angel,
          nicolae_overflow_two_pavilions, serial_shops, shop, uniq_sigmund,
          uniq_grinder

Skill      XL: |  1  2  3  4  5 |
---------------+----------------+-----
Invocations    | 2 |  2.2
Fighting       | 3 |  3.3
Long Blades    | 1 2 |  2.0
Axes           | 1 2 |  2.0
Maces & Flails | 1 2 |  2.0
Polearms       | 1 2 |  2.0
Staves         | 1 2 |  2.0
Ranged Weapons | 1 2 |  2.0
Throwing       | 1 2 |  2.0
Dodging        | 1 2 |  2.0
Stealth        | 1 2 |  2.0
Shields        | 1 2 |  2.0
Spellcasting   | 3 |  3.5
Conjurations   | 1 |  1.6
Hexes          | 1 |  1.6
Summonings     | 1 |  1.6
Necromancy     | 1 |  1.6
Translocations | 1 |  1.6
Transmutations | 1 |  1.6
Fire Magic     | 1 |  1.6
Ice Magic      | 1 |  1.6
Air Magic      | 1 |  1.6
Earth Magic    | 1 |  1.6
Poison Magic   | 1 |  1.6
Evocations     | 1 2 |  2.0
Armour         | 5 |  5.0
Short Blades   | |  6.8
Unarmed Combat | |  6.8

Action                   |  1- 3 |  4- 6 || total
-------------------------+-------+-------++-------
Melee: Short sword       |    77 |       ||    77
       Bite              |    13 |     6 ||    19
       Punch             |     6 |     3 ||     9
       Dagger            |    64 |    47 ||   111
 Fire: Sling             |     5 |    11 ||    16
Throw: Dart              |     6 |     2 ||     8
  Use: Scroll            |     2 |       ||     2
       Potion            |     2 |       ||     2
Armor: Ring mail         |    37 |    14 ||    51
Dodge: Dodged            |    53 |    18 ||    71

Table legend: (Time is in decaauts)
 A = Elapsed time spent in this place.
 B = Non-inter-level travel time spent in this place.
 C = Inter-level travel time spent in this place.
 D = Time resting spent in this place.
 E = Time spent auto-exploring this place.
 F = Levels seen in this place.
 G = Mean time per level.
                   A        B        C        D        E       F      G
               +--------+--------+--------+--------+--------+-----+--------+
         Total |   2458 |   2430 |     28 |    339 |   1644 |   3 |  819.3 |
       Dungeon |   2458 |   2430 |     28 |    339 |   1644 |   3 |  819.3 |
               +--------+--------+--------+--------+--------+-----+--------+

Top non-repeatable levels by time:
     D:2: 927 daAuts
     D:1: 927 daAuts
     D:3: 603 daAuts
